 Dungeon Crawl Stone Soup version 0.18.1-6-gd335043 (webtiles) character file.

212 deorigin the Chiller (level 5, 0/35 HPs)
             Began as a Merfolk Ice Elementalist on May 18, 2016.
             Slain by an orc wizard
             ... wielding a +0 dagger
              (3 damage)
             ... on level 4 of the Dungeon.
             The game lasted 00:11:33 (3457 turns).

deorigin the Chiller (Merfolk Ice Elementalist)     Turns: 3457, Time: 00:11:34

Health: 0/35       AC:  2    Str:  9    XL:     5   Next: 89%
Magic:  4/8        EV: 13    Int: 15    God:
Gold:   101        SH:  0    Dex: 14    Spells: 3 memorised, 0 levels left

rFire  . . .     SeeInvis .     s - +0 spear
rCold  . . .     Gourm    .     a - +0 robe
rNeg   . . .     Faith    .     (no shield)
rPois  .         Spirit   .     (no helmet)
rElec  .         Dismiss  .     (no cloak)
rCorr  .         Reflect  .     (no gloves)
SustAt .         Harm     .     (no boots)
MR     .....                    (no amulet)
Stlth  ++........               (no ring)
                                (no ring)

@: not resistant to hostile enchantments, unstealthy
A: change form in water, swift swim
a: no special abilities


You were on level 4 of the Dungeon.
You were hungry.

You visited 1 branch of the dungeon, and saw 4 of its levels.

You collected 101 gold pieces.

Inventory:

Hand Weapons
 m - a -1 short sword
 n - a +0 dagger
 s - a +0 spear (weapon)
Missiles
 e - 26 poisoned needles
Armour
 a - a +0 robe (worn)
 f - a cursed +0 scale mail
 A - a +0 chain mail of fire resistance
Jewellery
 r - an uncursed amulet of guardian spirit {unknown}
Wands
 w - a wand of paralysis (15/24)
 y - a wand of slowing (31/48)
Scrolls
 h - 3 scrolls of identify
 o - a scroll of amnesia
 p - 2 scrolls of teleportation
 v - 4 scrolls of remove curse
Potions
 g - a potion of flight {unknown}
 i - 5 potions of curing
 j - a potion of resistance {unknown}
 k - a potion of degeneration {unknown}
 l - 3 potions of brilliance
 q - a potion of cancellation {unknown}
 t - 3 potions of heal wounds
Books
 b - a book of Frost

   Spells                             Type                      Level
   a - Freeze                         Ice                          1
   b - Throw Frost                    Conjuration/Ice              2
   c - Ozocubu's Armour               Charms/Ice                   3
   d - Throw Icicle                   Conjuration/Ice              4
   e - Summon Ice Beast               Ice/Summoning                4
Comestibles
 c - 3 bread rations
 d - a meat ration
 u - a slice of pizza
 x - a beef jerky
 z - a chunk of flesh


   Skills:
 * Level 4.0 Polearms
 - Level 2.6 Dodging
 - Level 2.1 Stealth
 - Level 2.0 Spellcasting
 * Level 2.3 Conjurations
 - Level 5.2 Ice Magic


You couldn't memorise any spells.
You knew the following spells:

 Your Spells              Type           Power        Failure   Level  Hunger
a - Freeze                Ice            ###.         2%          1    #......
b - Throw Icicle          Conj/Ice       ##......     54%         4    #####..
c - Ozocubu's Armour      Chrm/Ice       #.......     24%         3    ###....


Dungeon Overview and Level Annotations

Branches:
Dungeon (4/15)
 Temple: D:4-7

Altars:
Zin


Message History

You barely miss something. Something hits you but does no damage.
You miss something. Something hits you but does no damage.
You hit something. You miss something. Something hits you.
You barely miss something.
You hear some strange, mumbled words.
A magic dart appears from out of thin air!
The magic dart hits you!
* * * LOW HITPOINT WARNING * * *
You barely miss something. Something hits you.
* * * LOW HITPOINT WARNING * * *
You miss something. Something barely misses you.
You hit something. Something barely misses you.
You closely miss something.
You hear some strange, mumbled words.
A magic dart appears from out of thin air!
The magic dart hits you!
* * * LOW HITPOINT WARNING * * *
You completely miss something. Something hits you.
You die...

.###.....###.# ##...## #.#
###)####.###### #........>
..## ##..####... ...#
#.........# #..#
#...###.#.# #..#
#...###.#.###..######
#.####..........@{.......#
............##.###.#####.#
..####..##..##.# #.#
#..##..##.# #.#
#........#. ..#
#.###..##.# #.# #.. ...# #
#.# #.. .?.. ..# ##


There were no monsters in sight!

Vanquished Creatures
  An orc wizard (D:4)
  A centaur skeleton (D:3)
  A worker ant (D:4)
  5 adders
  5 worms
  5 dart slugs
  A giant gecko (D:1)
  4 orcs
  3 giant cockroaches
  6 goblins
  2 hobgoblins (D:2)
  4 jackals (D:3)
  2 quokkas
  4 bats
  4 giant newts
  5 kobolds (D:1)
  9 rats
62 creatures vanquished.

Vanquished Creatures (others)
  5 toadstools (D:1)
5 creatures vanquished.

Grand Total: 67 creatures vanquished

Notes
Turn   | Place    | Note
--------------------------------------------------------------
     0 | D:1      | deorigin the Merfolk Ice Elementalist began the quest for the Orb.
     0 | D:1      | Reached XP level 1. HP: 13/13 MP: 3/3
   193 | D:1      | Reached XP level 2. HP: 19/19 MP: 3/5
   228 | D:1      | Reached skill level 4 in Ice Magic
   616 | D:1      | Reached XP level 3. HP: 21/24 MP: 4/6
  1218 | D:2      | Reached skill level 5 in Ice Magic
  1591 | D:2      | Reached XP level 4. HP: 24/30 MP: 2/7
  1643 | D:2      | Learned a level 4 spell: Throw Icicle
  2136 | D:3      | Reached skill level 1 in Polearms
  2136 | D:3      | Reached skill level 1 in Conjurations
  2482 | D:3      | Found a glowing silver altar of Zin.
  2514 | D:3      | Reached XP level 5. HP: 35/35 MP: 5/8
  2544 | D:3      | Learned a level 3 spell: Ozocubu's Armour
  3457 | D:4      | Slain by an orc wizard

Skill      XL: |  1  2  3  4  5 |
---------------+----------------+-----
Ice Magic      | 4 5 |  5.2
Polearms       | 2 4 |  4.0
Conjurations   | 1 2 |  2.3
Dodging        | |  2.6
Stealth        | |  2.1
Spellcasting   | |  2.0

Action                   |  1- 3 |  4- 6 || total
-------------------------+-------+-------++-------
Melee: Unarmed           |    10 |       ||    10
       Short sword       |     2 |       ||     2
       Spear             |       |    69 ||    69
 Cast: Freeze            |    47 |    50 ||    97
  Use: Scroll            |       |     6 ||     6
 Stab: Sleeping          |       |     1 ||     1
  Eat: Chunk             |     3 |     6 ||     9
Armor: Robe              |     7 |    13 ||    20
Dodge: Dodged            |    29 |    54 ||    83
